AoeStats
← DonTune

Arabia

509958069Analyzed
1v1 RM · 5d ago on Sep 28, 2026· 39m 9s· 2 players
Game mode
Random Map
Map size
Tiny (2 player)
Population
200
Speed
Normal
Resources
Standard
Victory
Conquest
Starting age
Dark Age
Ending age
Imperial Age
RankedLock teamsTeams togetherTeam positionsShared explorationLock speedFull tech treeHidden civsTurbo modeCheats
Victory
Defeat
🇨🇭 Danes · Switzerland
1190
+16
🇸🇪 Magyars · Sweden
1183
-16
chesscout
4:55 Loom
10:01 Feudal Age
10:45 Double-Bit Axe
11:48 Horse Collar
23:52 Castle Age
24:11 Crossbowman
34:52 Heavy Plow
35:14 Bow Saw
35:01 Elite Skirmisher
35:35 Fletching
37:50 Ballistics
DonTune
6:12 Loom
9:19 Feudal Age
9:42 Man-at-Arms
11:42 Horse Collar
16:29 Wheelbarrow
21:10 Castle Age
19:24 Forging
19:48 Gold Mining
21:49 Scale Mail Armor
22:08 Thumb Ring
21:56 Fletching
22:51 Chain Mail Armor
22:41 Arson
23:43 Squires
26:00 Iron Casting
25:08 Long Swordsman
27:08 Elite Skirmisher
27:47 Bodkin Arrow
29:19 Town Watch
30:42 Double-Bit Axe
32:37 Hand Cart
32:51 Elite Skirmisher
33:35 Padded Archer Armor
34:11 Ballistics
34:44 Husbandry
34:55 Bloodlines
36:32 Leather Archer Armor
36:05 Gambesons
Connection lost

Rejoining the realm…

Still unreachable

The connection could not be restored.

Session expired

The server has moved on; the page needs a fresh start.